 Dungeon Crawl Stone Soup version 0.17.1-1-g73c8601 (webtiles) character file.

2378 Implojin the Grappler (level 9, -3/80 HPs)
             Began as a Troll Fighter on Apr 8, 2016.
             Was an Initiate of Okawaru.
             Slain by an orc warrior
             ... wielding a +0 glaive
              (29 damage)
             ... on level 9 of the Dungeon.
             The game lasted 00:11:02 (2000 turns).

Implojin the Grappler (Troll Fighter)               Turns: 2000, Time: 00:11:02

Health: -3/80      AC:  7    Str: 26    XL:     9   Next: 21%
Magic:  8/8        EV:  8    Int:  4    God:    Okawaru [......]
Gold:   47         SH:  9    Dex: 12    Spells: 0 memorised, 8 levels left

rFire  . . .     SeeInvis .       - Unarmed
rCold  . . .     Clarity  .     g - +2 animal skin
rNeg   . . .     SustAt   .     b - +0 shield
rPois  .         Gourm    +     (helmet restricted)
rElec  .         Spirit   .     (no cloak)
rCorr  .         Warding  .     (gloves unavailable)
rMut   .         Stasis   .     (boots unavailable)
MR     .....                    (no amulet)
Stlth  +.........               (no ring)
                                (no ring)

@: not resistant to hostile enchantments, very unstealthy
A: unfitting armour, claws 3, fast metabolism 3, gourmand, regeneration 2,
shaggy fur 1, tough skin 2
a: Renounce Religion


You were on level 9 of the Dungeon.
You worshipped Okawaru.
Okawaru was noncommittal.
You were very full.

You visited 1 branch of the dungeon, and saw 10 of its levels.

You collected 47 gold pieces.

Inventory:

Missiles
 e - 4 tomahawks (quivered)
Armour
 a - a +0 robe
 b - a +0 shield (worn)
 g - a +2 animal skin (worn)
Jewellery
 o - an uncursed ring of protection from magic {unknown}
 v - an uncursed ring of wizardry {unknown}
Wands
 k - a wand of lightning (13)
 p - a wand of fireball (12)
Scrolls
 h - a scroll of immolation {unknown}
 j - a scroll of amnesia
 q - 2 scrolls of noise {unknown}
 r - a scroll of blinking {unknown}
 y - a scroll of identify
Potions
 c - a potion of might
 f - a potion of brilliance
 i - 2 potions of flight
 l - 3 potions of curing
 m - a potion of resistance {unknown}
 t - 2 potions of poison {unknown}
 u - a potion of ambrosia {unknown}
 x - a potion of heal wounds {unknown}
Books
 s - a book of Maledictions

   Spells                             Type                      Level
   a - Corona                         Hexes                        1
   b - Ensorcelled Hibernation        Hexes/Ice                    2
   c - Confuse                        Hexes                        3
   d - Tukima's Dance                 Hexes                        3
   e - Dazzling Spray                 Conjuration/Hexes            3
Comestibles
 d - 6 bread rations
 n - a beef jerky
 w - 2 chunks of flesh
 z - 2 meat rations
 A - a slice of pizza


   Skills:
 * Level 2.9 Fighting
 - Level 2.4 Dodging
 - Level 2.4 Shields
 - Level 12.1 Unarmed Combat


You had 8 spell levels left.
You didn't know any spells.

Dungeon Overview and Level Annotations

Branches:
Dungeon (10/15)
 Temple: D:4-7         Lair: D:8-11         Orc: D:9-12

Altars:
Nemelex Xobeh
Okawaru
Ru
Sif Muna


Innate Abilities, Weirdness & Mutations

You are too large for most types of armour.
You have claws for hands.
Your metabolism is lightning-fast.
You like to eat raw meat.
You heal very quickly.
You are covered in fur (AC +1).
You have very tough skin (AC +2).


Message History

The orc warrior hits you from afar with a glaive.
The orc barely misses you. The orc hits you with a falchion.
The necrophage hits you. The orc hits you but does no damage.
Unknown command.
You mangle the necrophage!!
You destroy the necrophage!
Okawaru accepts your kill. You block the orc's attack.
Unknown command.
You claw the orc!
You kill the orc!
Okawaru accepts your kill. You block the orc warrior's attack.
The orc hits you but does no damage. The orc hits you with a falchion.
The orc hits you but does no damage.
You scratch the orc but do no damage. The orc barely misses you.
You block the orc's attack. The orc hits you with a falchion.
You block the orc warrior's attack.
You mangle the orc!!
You kill the orc!
Okawaru accepts your kill. You block the orc's attack.
The orc barely misses you.
You claw the orc!
You kill the orc!
Okawaru accepts your kill.
The orc warrior hits you from afar with a glaive!!
The orc hits you with a club.
You claw the orc!
You kill the orc!
You block the orc warrior's attack.
Things that are here:
a falchion; a ring mail; an orc corpse You barely miss the orc warrior.
The orc warrior barely misses you.
You barely miss the orc warrior. You barely miss the orc warrior.
You feel a little less mighty now.
The orc warrior hits you with a glaive!!
* * * LOW HITPOINT WARNING * * *
You barely miss the orc warrior.
The orc warrior hits you with a glaive!!
You die...

#. .#
#.######.#
#........#
#........#
#........#
######........#
.......o......#
.......@).?....
......)>)......
..........#####
..........#
######....#
#....# #....#
#....# #.....


You could see an orc warrior.

Vanquished Creatures
  A gargoyle (D:9)
  Grinder (D:6)
  A wyvern (D:9)
  Menkaure (D:5)
  2 orc warriors
  A sky beast (D:9)
  An eye of draining (D:9)
  A necrophage (D:9)
  2 ogres (D:5)
  2 centaurs
  A giant frog (D:5)
  A jelly (D:6)
  Ijyb (D:2)
  4 orc priests
  3 iguanas
  2 worker ants (D:4)
  8 orc wizards
  A hound zombie (D:4)
  A hound skeleton (D:4)
  A worker ant zombie (D:6)
  Robin (D:2)
  3 gnolls (D:4)
  9 adders
  A shadow imp (D:7)
  An ooze (D:3)
  4 worms
  28 orcs
  4 giant cockroaches
  4 hobgoblins
  4 jackals (D:3)
  2 kobolds (D:2)
  A giant gecko (D:5)
  3 giant newts
  14 goblins
  A jackal skeleton (D:4)
  2 quokkas
118 creatures vanquished.

Notes
Turn   | Place    | Note
--------------------------------------------------------------
     0 | D:1      | Implojin the Troll Fighter began the quest for the Orb.
     0 | D:1      | Reached XP level 1. HP: 22/22 MP: 0/0
    48 | D:2      | Reached XP level 2. HP: 27/29 MP: 1/1
    69 | D:2      | Noticed Robin
    83 | D:2      | Reached skill level 3 in Unarmed Combat
   111 | D:2      | Killed Robin
   111 | D:2      | Reached XP level 3. HP: 8/36 MP: 2/2
   165 | D:2      | Found a sacrificial altar of Ru.
   232 | D:2      | Found a sparkling altar of Nemelex Xobeh.
   340 | D:2      | Noticed Ijyb
   348 | D:2      | Killed Ijyb
   348 | D:2      | Reached skill level 4 in Unarmed Combat
   348 | D:2      | Reached XP level 4. HP: 44/44 MP: 3/3
   438 | D:3      | You fall through a shaft for 2 floors!
   438 | D:5      | Entered Level 5 of the Dungeon
   461 | D:5      | Reached skill level 5 in Unarmed Combat
   477 | D:4      | Reached XP level 5. HP: 44/50 MP: 4/4
   480 | D:5      | Noticed Menkaure
   484 | D:5      | Noticed a giant frog
   485 | D:5      | Killed Menkaure
   485 | D:5      | Reached skill level 6 in Unarmed Combat
   493 | D:5      | Killed a giant frog
   493 | D:5      | Reached XP level 6. HP: 16/59 MP: 5/5
   544 | D:6      | Noticed Grinder
   550 | D:6      | Paralysed by Grinder for 4 turns
   557 | D:6      | Killed Grinder
   557 | D:6      | Reached skill level 7 in Unarmed Combat
   557 | D:6      | Reached XP level 7. HP: 46/66 MP: 6/6
   574 | D:5      | Noticed a centaur
   583 | D:5      | Killed a centaur
   583 | D:5      | Reached skill level 8 in Unarmed Combat
   699 | D:7      | Reached skill level 9 in Unarmed Combat
   922 | D:6      | Reached XP level 8. HP: 68/74 MP: 7/7
   987 | D:6      | Reached skill level 10 in Unarmed Combat
  1086 | D:5      | Found a deep blue altar of Sif Muna.
  1098 | D:5      | Noticed an ogre
  1108 | D:5      | Killed an ogre
  1703 | D:5      | Found an iron altar of Okawaru.
  1705 | D:5      | Noticed an ogre
  1717 | D:5      | Killed an ogre
  1717 | D:5      | Reached skill level 11 in Unarmed Combat
  1746 | D:5      | Became a worshipper of Warmaster Okawaru
  1768 | D:5      | You fall through a shaft!
  1930 | D:9      | Reached XP level 9. HP: 52/80 MP: 8/8
  1945 | D:9      | Noticed a gargoyle
  1960 | D:9      | Killed a gargoyle
  1960 | D:9      | Reached skill level 12 in Unarmed Combat
  1977 | D:10     | Entered Level 10 of the Dungeon
  2000 | D:9      | Slain by an orc warrior

Action                   |  1- 3 |  4- 6 |  7- 9 || total
-------------------------+-------+-------+-------++-------
Melee: Unarmed           |    80 |    65 |   245 ||   390
  Use: Potion            |       |     1 |     1 ||     2
       Scroll            |       |       |    10 ||    10
  Eat: Chunk             |     6 |     1 |    11 ||    18
       Meat ration       |       |       |     1 ||     1

Table legend:
 A = Turns spent in this place as a percentage of turns spent in the entire game.
 B = Non-inter-level travel turns spent in this place as a percentage of non-inter-level travel turns spent in the entire game.
 C = Inter-level travel turns spent in this place as a percentage of turns spent in this place.
 D = Turns resting spent in this place as a percentage of non-inter-level travel turns spent in this place.
 E = Turns spent auto-exploring this place as a percentage of non-inter-level travel turns spent in this place.
 F = Non-inter-level travel turns spent in this place divided by the number of levels of this place that you've seen.
                   A       B       C       D       E      F
               +-------+-------+-------+-------+-------+----------------------
         Total | 100.0 | 100.0 |   0.0 |   0.0 |   0.0 | 194.6
       Dungeon | 100.0 | 100.0 |   0.0 |   0.0 |   0.0 | 194.6
               +-------+-------+-------+-------+-------+----------------------

Table legend:
 A = Kills in this place as a percentage of kills in entire the game.
 B = Kills by you in this place as a percentage of kills by you in the entire game.
 C = Kills by friends in this place as a percentage of kills by friends in the entire game.
 D = Other kills in this place as a percentage of other kills in the entire game.
 E = Experience gained in this place as a percentage of experience gained in the entire game.
 F = Experience gained in this place divided by the number of levels of this place that you have seen.
                   A       B       C       D       E      F
               +-------+-------+-------+-------+-------+----------------------
         Total | 100.0 | 100.0 |  -nan |  -nan | 100.0 | 339.8
       Dungeon | 100.0 | 100.0 |  -nan |  -nan | 100.0 | 339.8
               +-------+-------+-------+-------+-------+----------------------
